CAR
FREDERICK KEYS @ MYRTLE BEACH PELICANS
08/06/2099
 
TOP OF THE 1ST
Frederick Keys batting - Pitching for Myrtle Beach Pelicans : LHP Bill Burroughs
Pitching: LHP Bill Burroughs
Batting: RHB Jonathan Negrete 0-0: Ball
1-0: Ball
2-0: Ball
3-0: Called Strike
3-1: Ground out 3-1 (Groundball, 34S, EV 83.8 MPH)
Batting: RHB Jaiden Allmond 0-0: Ball
1-0: Called Strike
1-1: Foul Ball, location: 5F
1-2: Ground out 1-3 (Groundball, 34S, EV 71.3 MPH)
Batting: SHB Edgar Pedraza 0-0: Ball
1-0: Fly out, F9 (Flyball, 9, EV 101.9 MPH)
Top of the 1st over - 0 runs, 0 hits, 0 errors, 0 left on base; Frederick 0 - Myrtle Beach 0
BOTTOM OF THE 1ST
Myrtle Beach Pelicans batting - Pitching for Frederick Keys : LHP James Schillaci
Pitching: LHP James Schillaci
Batting: RHB Ryan Ogle 0-0: Ball
1-0: Swinging Strike
1-1: Bunted foul
1-2: Ground out 4-3 (Groundball, 4, EV 98.1 MPH)
Batting: RHB Mike Bryant 0-0: Ground out 1-3 (Groundball, P, EV 65.6 MPH)
Batting: RHB Andy Howard 0-0: Ball
1-0: SINGLE (Line Drive, 9S, EV 106.9 MPH)
Batting: RHB Neil Grimm 0-0: Ball
1-0: Ball
2-0: Ball
Wild Pitch!
Andy Howard to second
3-0: Base on Balls
Batting: LHB Vic Payne 0-0: Ball
1-0: Swinging Strike
1-1: Ball
2-1: SINGLE (Line Drive, 34D, EV 99.4 MPH)
Andy Howard to third
Neil Grimm to second
Runner from 3rd tries for Home, SAFE, throw by RF to home
Batting: RHB Christian Gray 0-0: Ball
1-0: Fly out, F7 (Flyball, 78M, EV 98.1 MPH)
Bottom of the 1st over - 1 run, 2 hits, 0 errors, 2 left on base; Frederick 0 - Myrtle Beach 1
TOP OF THE 2ND
Frederick Keys batting - Pitching for Myrtle Beach Pelicans : LHP Bill Burroughs
Batting: SHB Jim Woodley 0-0: Ball
1-0: Swinging Strike
1-1: Called Strike
1-2: Foul Ball, location: 2F
1-2: Strikes out looking
Batting: RHB Marcus Brown 0-0: Ball
1-0: Ball
2-0: Called Strike
2-1: Ball
3-1: Foul Ball, location: 7LMF
3-2: Strikes out swinging
Batting: RHB Dylan Elliott 0-0: Ball
1-0: Ball
2-0: Swinging Strike
2-1: Foul Ball, location: 9LDF
2-2: Foul Ball, location: 9LSF
2-2: Ball
3-2: Ground out 6-3 (Groundball, 6, EV 105.6 MPH)
Top of the 2nd over - 0 runs, 0 hits, 0 errors, 0 left on base; Frederick 0 - Myrtle Beach 1
BOTTOM OF THE 2ND
Myrtle Beach Pelicans batting - Pitching for Frederick Keys : LHP James Schillaci
Batting: RHB Matt Judkins 0-0: Called Strike
0-1: SOLO HOME RUN (Line Drive, 7D, EV 99.4 MPH), Distance : 375 ft
Batting: LHB Josh Underwood 0-0: Ball
1-0: SINGLE (Groundball, 34D, EV 103.8 MPH)
Batting: RHB T.J. Brewster 0-0: Bunted foul
0-1: Sac Bunt to 25 - play at first, batter OUT! 5-4
Josh Underwood to second
Batting: RHB Ryan Ogle 0-0: Called Strike
0-1: Foul Ball, location: 9LSF
0-2: Foul Ball, location: 2F
0-2: Ball
1-2: Fly out, F4 (Popup, 4, EV 64.4 MPH)
Batting: RHB Mike Bryant 0-0: Ball
1-0: Foul Ball, location: 2F
1-1: Ground out 5-3 (Groundball, 5, EV 88.8 MPH)
Bottom of the 2nd over - 1 run, 2 hits, 0 errors, 1 left on base; Frederick 0 - Myrtle Beach 2
TOP OF THE 3RD
Frederick Keys batting - Pitching for Myrtle Beach Pelicans : LHP Bill Burroughs
Batting: RHB Chris Ashe 0-0: Foul Ball, location: 9LMF
0-1: Swinging Strike
0-2: Ball
1-2: Strikes out swinging
Batting: RHB Joe Anderson 0-0: Swinging Strike
0-1: Called Strike
0-2: Ball
1-2: Foul Ball, location: 9LMF
1-2: Strikes out swinging
Batting: RHB Juan Colunga 0-0: Foul Ball, location: 9LMF
0-1: Called Strike
0-2: Ball
1-2: Strikes out swinging, 2-3 out at first.
Top of the 3rd over - 0 runs, 0 hits, 0 errors, 0 left on base; Frederick 0 - Myrtle Beach 2
BOTTOM OF THE 3RD
Myrtle Beach Pelicans batting - Pitching for Frederick Keys : LHP James Schillaci
Batting: RHB Andy Howard 0-0: Called Strike
0-1: Foul Ball, location: 2F
0-2: Ball
1-2: Strikes out swinging
Batting: RHB Neil Grimm 0-0: Called Strike
0-1: Fly out, F6 (Line Drive, 6, EV 66.9 MPH)
Batting: LHB Vic Payne 0-0: Ball
1-0: Ball
2-0: Ground out 5-3 (Groundball, 56, EV 81.3 MPH)
Bottom of the 3rd over - 0 runs, 0 hits, 0 errors, 0 left on base; Frederick 0 - Myrtle Beach 2
TOP OF THE 4TH
Frederick Keys batting - Pitching for Myrtle Beach Pelicans : LHP Bill Burroughs
Batting: RHB Jonathan Negrete 0-0: Foul Ball, location: 3FF
0-1: Called Strike
0-2: Strikes out swinging
Batting: RHB Jaiden Allmond 0-0: Ball
1-0: Ball
2-0: Ball
3-0: Called Strike
3-1: Base on Balls
Batting: SHB Edgar Pedraza 0-0: Ball
1-0: Called Strike
1-1: Called Strike
1-2: Ball
2-2: Foul Ball, location: 5F
2-2: Foul Ball, location: 9LDF
2-2: Ball
3-2: Foul Ball, location: 5DF
3-2: Base on Balls
Jaiden Allmond to second
Batting: SHB Jim Woodley 0-0: Foul Ball, location: 7LSF
0-1: Foul Ball, location: 5F
0-2: Ball
1-2: Foul Ball, location: 2F
1-2: Ball
2-2: Strikes out swinging
Batting: RHB Marcus Brown 0-0: Ball
1-0: Ball
2-0: Ball
3-0: Called Strike
3-1: Foul Ball, location: 3SF
3-2: Base on Balls
Jaiden Allmond to third
Edgar Pedraza to second
Batting: RHB Dylan Elliott 0-0: Ball
1-0: Ball
2-0: Ball
3-0: Called Strike
3-1: Base on Balls
Jaiden Allmond scores
Edgar Pedraza to third
Marcus Brown to second
Batting: RHB Chris Ashe 0-0: SINGLE (Line Drive, 89M, EV 95.0 MPH)
Edgar Pedraza scores
Marcus Brown to third
Dylan Elliott to second
Runner from 3rd tries for Home, SAFE, throw by CF to home
Batting: RHB Joe Anderson 0-0: Ball
1-0: Swinging Strike
1-1: Ball
2-1: Foul Ball, location: 2F
2-2: Strikes out swinging
Top of the 4th over - 3 runs, 1 hit, 0 errors, 2 left on base; Frederick 3 - Myrtle Beach 2
BOTTOM OF THE 4TH
Myrtle Beach Pelicans batting - Pitching for Frederick Keys : LHP James Schillaci
Batting: RHB Christian Gray 0-0: Ball
1-0: Ground out 5-3 (Groundball, 56, EV 76.3 MPH)
Batting: RHB Matt Judkins 0-0: Ball
1-0: Ball
2-0: Called Strike
2-1: Foul Ball, location: 2RF, Error on foul ball, E2
2-2: Strikes out swinging
Batting: LHB Josh Underwood 0-0: Hit by Pitch
Batting: RHB T.J. Brewster 0-0: Ground out 4-3 (Groundball, 4, EV 88.8 MPH)
Bottom of the 4th over - 0 runs, 0 hits, 1 error, 1 left on base; Frederick 3 - Myrtle Beach 2
TOP OF THE 5TH
Frederick Keys batting - Pitching for Myrtle Beach Pelicans : LHP Bill Burroughs
Batting: RHB Juan Colunga 0-0: Ground out U3 (Groundball, 34S, EV 90.0 MPH)
Batting: RHB Jonathan Negrete 0-0: Swinging Strike
0-1: Foul Ball, location: 2F
0-2: Ball
1-2: Ball
2-2: Strikes out swinging
Batting: RHB Jaiden Allmond 0-0: Foul Ball, location: 2F
0-1: Foul Ball, location: 9LMF
0-2: Foul Ball, location: 7LDF
0-2: SINGLE (Line Drive, 8LS, EV 91.9 MPH)
Batting: SHB Edgar Pedraza 0-0: Called Strike
0-1: Ball
1-1: Ball
2-1: DOUBLE (Line Drive, 78D, EV 93.8 MPH)
Jaiden Allmond to third
Pitching: RHP Jim Unknown
Batting: SHB Jim Woodley 0-0: Ball
1-0: Ball
2-0: Called Strike
2-1: TRIPLE (Flyball, 78XD, EV 91.9 MPH)
Jaiden Allmond scores
Edgar Pedraza scores
Batting: RHB Marcus Brown 0-0: Ball
1-0: Swinging Strike
1-1: Ball
2-1: Fly out, F9 (Flyball, 89D, EV 104.4 MPH)
Top of the 5th over - 2 runs, 3 hits, 0 errors, 1 left on base; Frederick 5 - Myrtle Beach 2
BOTTOM OF THE 5TH
Myrtle Beach Pelicans batting - Pitching for Frederick Keys : LHP James Schillaci
Batting: RHB Ryan Ogle 0-0: Ground out 4-3 (Groundball, 4, EV 81.3 MPH)
Batting: RHB Mike Bryant 0-0: Fly out, F4 (Line Drive, 4, EV 74.4 MPH)
Batting: RHB Andy Howard 0-0: Ball
1-0: Ball
2-0: Fly out, F7 (Flyball, 7D, EV 97.5 MPH)
Bottom of the 5th over - 0 runs, 0 hits, 0 errors, 0 left on base; Frederick 5 - Myrtle Beach 2
TOP OF THE 6TH
Frederick Keys batting - Pitching for Myrtle Beach Pelicans : RHP Jim Unknown
Batting: RHB Dylan Elliott 0-0: Foul Ball, location: 7LMF
0-1: Swinging Strike
0-2: Strikes out looking
Batting: RHB Chris Ashe 0-0: Called Strike
0-1: Ball
1-1: Ball
2-1: Hit by Pitch
Batting: RHB Joe Anderson 0-0: Ball
1-0: Foul Ball, location: 25FF
1-1: Ball
2-1: Called Strike
2-2: Foul Ball, location: 2F
2-2: Ball
3-2: Strikes out swinging
Batting: RHB Juan Colunga 0-0: Called Strike
0-1: Fielders Choice at 2nd, 6-4 (Groundball, 6, EV 90.0 MPH)
Top of the 6th over - 0 runs, 0 hits, 0 errors, 1 left on base; Frederick 5 - Myrtle Beach 2
BOTTOM OF THE 6TH
Myrtle Beach Pelicans batting - Pitching for Frederick Keys : LHP James Schillaci
Batting: RHB Neil Grimm 0-0: Ball
1-0: Ball
2-0: Ball
3-0: Base on Balls
Batting: LHB Vic Payne 0-0: Fielders Choice at 2nd, 3-6 (Groundball, 34, EV 100.0 MPH)
Batting: RHB Christian Gray 0-0: Swinging Strike
0-1: Ball
1-1: Ball
2-1: Ball
3-1: SINGLE (Line Drive, 4MD, EV 94.4 MPH)
Vic Payne to second
Batting: RHB Matt Judkins 0-0: Ball
1-0: Swinging Strike
1-1: Ball
2-1: Ball
3-1: Called Strike
3-2: SINGLE (Line Drive, 7S, EV 94.4 MPH)
Vic Payne to third
Christian Gray to second
Batting: LHB Josh Underwood 0-0: Ball
1-0: Fly out, F6 (Popup, 4MD, EV 70.6 MPH)
Batting: RHB T.J. Brewster 0-0: Ball
1-0: Ball
Wild Pitch!
Vic Payne scores
Christian Gray to third
Matt Judkins to second
2-0: Called Strike
2-1: Called Strike
2-2: Ball
3-2: Strikes out looking
Bottom of the 6th over - 1 run, 2 hits, 0 errors, 2 left on base; Frederick 5 - Myrtle Beach 3
TOP OF THE 7TH
Frederick Keys batting - Pitching for Myrtle Beach Pelicans : RHP Jim Unknown
Batting: RHB Jonathan Negrete 0-0: Ball
1-0: Ground out U3 (Groundball, 3S, EV 70.0 MPH)
Batting: RHB Jaiden Allmond 0-0: Ball
1-0: Swinging Strike
1-1: Called Strike
1-2: Ball
2-2: Ball
3-2: Ground out 1-3 (Groundball, 15S, EV 75.6 MPH)
Batting: SHB Edgar Pedraza 0-0: Ball
1-0: Ball
2-0: Called Strike
2-1: Ball
3-1: Base on Balls
Batting: SHB Jim Woodley 0-0: Foul Ball, location: 2F
0-1: Ball
1-1: Ball
Edgar Pedraza steals 2nd base
2-1: Foul Ball, location: 2F
2-2: Strikes out swinging
Top of the 7th over - 0 runs, 0 hits, 0 errors, 1 left on base; Frederick 5 - Myrtle Beach 3
BOTTOM OF THE 7TH
Myrtle Beach Pelicans batting - Pitching for Frederick Keys : LHP James Schillaci
Batting: RHB Ryan Ogle 0-0: Swinging Strike
0-1: Ball
1-1: Ground out 6-3 (Groundball, P, EV 83.8 MPH)
Batting: RHB Mike Bryant 0-0: Ball
1-0: Called Strike
1-1: SINGLE (Line Drive, 7LM, EV 88.8 MPH)
Batting: RHB Andy Howard 0-0: Called Strike
0-1: Swinging Strike
0-2: Strikes out swinging
Batting: RHB Neil Grimm 0-0: Ball
1-0: Foul Ball, location: 2F
1-1: Swinging Strike
1-2: Ball
2-2: Foul Ball, location: 2F
2-2: Ball
3-2: Foul Ball, location: 3DF
3-2: Base on Balls
Mike Bryant to second
Pitching: RHP Victor Meza
Batting: LHB Vic Payne 0-0: Called Strike
0-1: Foul Ball, location: 7LMF
0-2: Ball
1-2: Ground out U3 (Groundball, 34, EV 100.0 MPH)
Bottom of the 7th over - 0 runs, 1 hit, 0 errors, 2 left on base; Frederick 5 - Myrtle Beach 3
TOP OF THE 8TH
Frederick Keys batting - Pitching for Myrtle Beach Pelicans : RHP Jim Unknown
Pitching: RHP Jim Unknown
Batting: RHB Marcus Brown 0-0: Ground out 6-3 (Groundball, 56, EV 88.8 MPH)
Batting: RHB Dylan Elliott 0-0: Ball
1-0: Ball
2-0: Ground out 5-3 (Groundball, 56, EV 83.1 MPH)
Batting: RHB Chris Ashe 0-0: Called Strike
0-1: Swinging Strike
0-2: Ball
1-2: Strikes out swinging
Top of the 8th over - 0 runs, 0 hits, 0 errors, 0 left on base; Frederick 5 - Myrtle Beach 3
BOTTOM OF THE 8TH
Myrtle Beach Pelicans batting - Pitching for Frederick Keys : RHP Victor Meza
Pitching: RHP Adrian Torrez
Now at 3B: Steve Giltner
Now at SS: Edgar Pedraza
Batting: RHB Christian Gray 0-0: Foul Ball, location: 2F
0-1: Fly out, F8 (Flyball, 8LD, EV 96.3 MPH)
Batting: RHB Matt Judkins 0-0: Fly out, F6 (Popup, 6M, EV 66.9 MPH)
Batting: LHB Josh Underwood 0-0: Ball
1-0: Swinging Strike
1-1: Swinging Strike
1-2: SINGLE (Groundball, 4D, EV 100.0 MPH)
Batting: RHB T.J. Brewster 0-0: Ball
1-0: Ball
2-0: Foul Ball, location: 9LSF
2-1: Fielders Choice at 2nd, 6-4 (Groundball, 6, EV 98.8 MPH)
Bottom of the 8th over - 0 runs, 1 hit, 0 errors, 1 left on base; Frederick 5 - Myrtle Beach 3
TOP OF THE 9TH
Frederick Keys batting - Pitching for Myrtle Beach Pelicans : RHP Jim Unknown
Batting: RHB Joe Anderson 0-0: Called Strike
0-1: Ball
1-1: Ball
2-1: Ball
3-1: Base on Balls
Batting: RHB Juan Colunga 0-0: Sac Bunt to 13S - play at first, batter OUT! 1-3
Joe Anderson to second
Batting: RHB Jonathan Negrete 0-0: Ball
1-0: Ball
2-0: Swinging Strike
2-1: Fly out, F7 (Line Drive, 7S, EV 86.3 MPH)
Batting: RHB Jaiden Allmond 0-0: Ball
1-0: Ball
2-0: Ball
3-0: Base on Balls
Batting: SHB Edgar Pedraza 0-0: SINGLE (Groundball, 34D, EV 94.4 MPH)
Joe Anderson to third
Jaiden Allmond to second
Runner from 3rd tries for Home, SAFE, throw by RF to home
Batting: SHB Jim Woodley 0-0: Ball
1-0: Ball
2-0: DOUBLE (Flyball, 8RXD, EV 103.1 MPH)
Jaiden Allmond scores
Edgar Pedraza to third
Runner from 3rd tries for Home, SAFE, throw by CF to home
Pitching: LHP Jim Unknown
Batting: RHB Marcus Brown 0-0: Called Strike
0-1: Called Strike
0-2: Foul Ball, location: 7LMF
0-2: Ball
1-2: Hit by Pitch
Batting: RHB Steve Giltner 0-0: Fly out, F8 (Flyball, 8LD, EV 91.9 MPH)
Top of the 9th over - 3 runs, 2 hits, 0 errors, 2 left on base; Frederick 8 - Myrtle Beach 3
BOTTOM OF THE 9TH
Myrtle Beach Pelicans batting - Pitching for Frederick Keys : RHP Adrian Torrez
Batting: RHB Ryan Ogle 0-0: Swinging Strike
0-1: Called Strike
0-2: Foul Ball, location: 5F
0-2: Ball
1-2: Strikes out swinging
Batting: RHB Mike Bryant 0-0: Ball
1-0: Foul Ball, location: 23F
1-1: SINGLE (Line Drive, 8RS, EV 100.6 MPH)
Batting: RHB Andy Howard 0-0: Ball
1-0: Swinging Strike
1-1: Foul Ball, location: 5FF
1-2: Grounds into double play, 4-6-3 (Groundball, 4, EV 102.5 MPH)
Bottom of the 9th over - 0 runs, 1 hit, 0 errors, 0 left on base; Frederick 8 - Myrtle Beach 3
Monday, May 13th , 2024 - OOTP Baseball 24.11 Build 85